 Dungeon Crawl Stone Soup version 0.28-a0-706-gf6f64a616a (webtiles) character file.

Game seed: 16020140392553092155

30716 marklar909 the Carver (level 13, -12/103 HPs)
             Began as a Palentonga Earth Elementalist on Oct 25, 2021.
             Was a High Priest of Zin.
             Mangled by a rockslime (29 damage)
             ... on level 5 of the Lair of Beasts.
             The game lasted 00:54:17 (24843 turns).

marklar909 the Carver (PaEE)                       Turns: 24843, Time: 00:54:18

Health: -12/103    AC: 20    Str: 16    XL:     13   Next: 22%
Magic:  24/24      EV: 11    Int: 18    God:    Zin [*****.]
Gold:   366        SH:  5    Dex: 13    Spells: 17/27 levels left

rFire   + . .      SeeInvis +   a - +5 long sword
rCold   . . .      Faith    .   (no shield)
rNeg    + . .      Spirit   .   p - +6 leather armour of the Nexus {rF+ Int+2 Dex+3}
rPois   +          Reflect  +   (no helmet)
rElec   +          Harm     .   w - +1 cloak
rCorr   +          Rampage  +   (no gloves)
Will    +....                   (no barding)
Stlth   +.........              i - amulet of Ruoqiw {Reflect Rampage Regen+ Dex+4 SH+5}
HPRegen 1.27/turn               k - ring of willpower
MPRegen 0.19/turn               f - ring "Zolotzikk" {rElec rPois rN+ rCorr Dex-5}

@: curled up
A: large, rugged brown scales 3, see invisible, deformed body, roll 1, armoured
tail, reflexive curl
a: Rolling Charge, Renounce Religion, Recite, Vitalisation, Imprison, Sanctuary,
Donate Gold


You were on level 5 of the Lair of Beasts.
You worshipped Zin.
Zin was extremely pleased with you.
You visited 3 branches of the dungeon, and saw 16 of its levels.

You collected 911 gold pieces.
You spent 454 gold pieces at shops.
You donated 91 gold pieces to Zin.

Inventory:

Hand Weapons
 a - a +5 long sword (weapon)
 b - the +4 rapier of Shrieking Terror {vorpal, Str+8}
   (You found it on level 1 of the Lair of Beasts)

   It inflicts extra damage upon your enemies.
   Str:       It affects your strength (+8).
Missiles
 c - 242 stones
 s - a throwing net
Armour
 p - the +6 leather armour of the Nexus (worn) {rF+ Int+2 Dex+3}
   (You found it on level 4 of the Dungeon)

   Int:       It affects your intelligence (+2).
   Dex:       It affects your dexterity (+3).
   rF:        It protects you from fire.
 w - a +1 cloak (worn)
 D - the +2 robe of the Baker {MP+9 Str-3 Dex+6 Slay+3}
   (You found it on level 5 of the Lair of Beasts)

   Str:       It affects your strength (-3).
   Dex:       It affects your dexterity (+6).
   Slay:      It affects your accuracy & damage with ranged weapons and melee
   (+3).
   MP:        It affects your magic capacity (+9).
Jewellery
 f - the ring "Zolotzikk" (right hand) {rElec rPois rN+ rCorr Dex-5}
   (You acquired it on level 4 of the Dungeon)

   [ring of resist corrosion]

   Dex:       It affects your dexterity (-5).
   rElec:     It insulates you from electricity.
   rPois:     It protects you from poison.
   rN:        It protects you from negative energy.
   rCorr:     It protects you from acid and corrosion.
 i - the amulet of Ruoqiw (around neck) {Reflect Rampage Regen+ Dex+4 SH+5}
   (You bought it in a shop on level 4 of the Dungeon)

   [amulet of reflection]

   It reflects blocked missile attacks.
   Dex:       It affects your dexterity (+4).
   Regen:     It increases your rate of health regeneration.
   SH:        It affects your SH (+5).
   Rampage:   It bestows one free step when moving towards enemies.
 k - a ring of willpower (left hand)
 n - a +6 ring of intelligence
Wands
 o - a wand of charming (8)
 x - a wand of flame (26)
 y - a wand of digging (6)
 C - a wand of acid (5)
Scrolls
 g - a scroll of fog
 j - 2 scrolls of magic mapping
 l - a scroll of summoning
 t - a scroll of amnesia
 F - 2 scrolls of teleportation
Potions
 d - 2 potions of ambrosia
 e - 3 potions of heal wounds
 r - a potion of curing {unknown}
 u - 2 potions of attraction
 v - a potion of brilliance {unknown}
 z - 2 potions of mutation
 B - 2 potions of flight
 E - a potion of might {unknown}
Miscellaneous
 h - a phial of floods (inert)


   Skills:
 * Level 7.6 Fighting
 * Level 9.8 Long Blades
 * Level 6.2 Armour
 + Level 6.2 Dodging
 - Level 1.3 Stealth
 + Level 1.1 Shields
 + Level 7.7 Spellcasting
 * Level 5.6 Conjurations
 * Level 7.2 Transmutations
 + Level 7.3 Earth Magic
 * Level 7.6 Invocations
 + Level 1.0 Evocations


You had 17 spell levels left.
You knew the following spells:

 Your Spells              Type           Power      Damage    Failure   Level
a - Sandblast             Erth           66%        2d15      1%          1
b - Passwall              Tmut/Erth      27%        N/A       1%          2
c - Stone Arrow           Conj/Erth      60%        3d10      2%          3
d - Petrify               Tmut/Erth      33%        N/A       6%          4

Your spell library contained the following spells:

 Spells                   Type           Power      Damage    Failure   Level
 Animate Skeleton         Necr           14%        N/A       12%         1
 Apportation              Tloc           14%        N/A       12%         1
 Summon Small Mammal      Summ           28%        N/A       12%         1
 Scorch                   Fire           14%        2d6       19%         2
 Inner Flame              Hex/Fire       7%         N/A       34%         3
 Ozocubu's Armour         Ice            7%         N/A       34%         3
 Flame Wave               Conj/Fire      17%        3d5       36%         4
 Cause Fear               Hex            3%         N/A       75%         4
 Metabolic Englaciation   Hex/Ice        3%         N/A       97%         5
 Simulacrum               Ice/Necr       3%         N/A       100%        6
 Summon Cactus Giant      Summ           3%         N/A       100%        6
 Discord                  Hex            3%         N/A       100%        8


Dungeon Overview and Level Annotations

Branches:
Dungeon (9/15)             Temple (1/1) D:5            Lair (6/6) D:8
  Swamp (0/4) Lair:3       Spider (0/4) Lair:2          Orc (0/2) D:9
  Slime: Lair:5-6

Altars:
Cheibriados
Dithmenos
Elyvilon
Fedhas
Gozag
Hepliaklqana
Kikubaaqudgha
Makhleb
Nemelex Xobeh
Okawaru
Qazlal
Ru
Sif Muna
Trog
Uskayaw
Vehumet
Wu Jian
Xom
Yredelemnul
Zin
The Shining One

Shops:
D:4 (=


Innate Abilities, Weirdness & Mutations

You are completely covered in rugged brown scales. (AC +3, +7% HP)
You have supernaturally acute eyesight. (SInv)
Armour fits poorly on your strangely shaped body.
You can roll at nearby foes to attack.
You have a long armoured tail.
You curl defensively after being hit.


Message History

The azure jelly hits you. The azure jelly freezes you!!!
The azure jelly hits you but does no damage. x2
The endoplasm freezes you.
You are frozen.
Unknown command.
You slash the azure jelly!
The azure jelly is lightly wounded.
The azure jelly hits you. The azure jelly freezes you!!
* * * LOW HITPOINT WARNING * * *
The azure jelly hits you but does no damage.
You block the azure jelly's attack. The azure jelly barely misses you.
The endoplasm hits you but does no damage.
The endoplasm misses you.
Okay, then.
You feel much better.
The azure jelly hits you but does no damage. x2
You block the azure jelly's attack.
The azure jelly hits you but does no damage.
The endoplasm barely misses you. The endoplasm freezes you.
You are frozen.
The endoplasm barely misses you.
Casting: Stone Arrow (mildly dangerous; 2% risk of failure)
Confirm with . or Enter, or press ? or * to list all spells.
Aiming: Sandblast (safe; 1% risk of failure)
Press: ? - help, Shift-Dir - straight line, f - azure jelly
Aim: an azure jelly (lightly wounded, 82% to hit)
Okay, then.
Okay, then.
Okay, then.
Blink to where?
Press: ? - help, Dir - move target
As you read the scroll of blinking, it crumbles to dust.
You climb upwards.
The rockslime quivers.
The rockslime hits you!!
* * * LOW HITPOINT WARNING * * *
You stumble backwards!
The rockslime closely misses you.
Unknown command.
The rockslime hits you!!
You die...

##........<..#.#.####
#.............###...#
##.#...........###..##
..##.#.......####....#
.##.##.#......#......##
.....#.......P#.P>....#
#.###......PP........##
##.#............J.....#
########.###...@....##
### ##......## #.##.###
######


You could see a rockslime.

Vanquished Creatures
  An acid blob (Lair:6)
  A catoblepas (Lair:2)
  8 hydras
  9 death yaks
  5 elephants
  A black mamba (Lair:4)
  4 cane toads
  7 komodo dragons
  A rime drake (Lair:5)
  5 blink frogs
  A hornet (Lair:2)
  Prince Ribbit (D:8)
  Grinder (D:3)
  A shadow (D:9)
  4 wyverns
  30 yaks
  7 basilisks
  A steam dragon (Lair:3)
  2 wargs (D:8)
  10 vampire mosquitoes
  Menkaure (D:7)
  6 water moccasins
  Duvessa (D:6)
  2 orc warriors
  2 sky beasts
  A black bear (D:8)
  3 ice beasts
  A necrophage (D:5)
  3 centaurs
  4 phantoms
  4 kobold brigands
  6 bullfrogs
  8 scorpions
  Dowan (D:6)
  2 wyvern zombies
  A jelly (D:5)
  2 troll zombies (D:9)
  2 wights
  2 electric eels (Lair:1)
  3 centaur zombies
  2 bullfrog zombies
  4 centaur skeletons
  A bullfrog skeleton (D:6)
  A hound (D:4)
  7 orc priests
  Natasha (thrice) (D:2)
  An iguana (D:4)
  4 orc wizards
  6 ogre zombies (D:9)
  A howler monkey zombie (D:9)
  3 gnolls (D:2)
  4 adders
  A shadow imp (D:6)
  An ufetubus (D:6)
  6 worms
  2 dart slugs
  33 orcs
  9 ball pythons
  4 endoplasms
  4 giant cockroaches
  5 goblins
  4 hobgoblins
  3 jackals (D:4)
  19 kobolds
  3 quokkas
  4 bats
  7 frilled lizards
  2 goblin skeletons (D:9)
  A goblin zombie (D:9)
  A hobgoblin skeleton (D:9)
  3 hobgoblin zombies (D:9)
  4 orc skeletons (D:9)
  13 orc zombies (D:9)
  5 rats
  A rat zombie (D:8)
327 creatures vanquished.

Vanquished Creatures (others)
  17 fungi
  18 plants
35 creatures vanquished.

Grand Total: 362 creatures vanquished

Notes
Turn   | Place    | Note
-------+----------+-------------------------------------------
     0 | D:1      | marklar909 the Palentonga Earth Elementalist began the
                  | quest for the Orb.
     0 | D:1      | Reached XP level 1. HP: 13/13 MP: 3/3
   100 | D:1      | Found a faded altar of an unknown god.
   184 | D:1      | Reached XP level 2. HP: 20/20 MP: 1/5
   343 | D:1      | Learned a level 2 spell: Passwall
  1559 | D:2      | Reached XP level 3. HP: 23/26 MP: 3/6
  2069 | D:2      | Reached skill level 1 in Fighting
  2521 | D:2      | Reached XP level 4. HP: 29/34 MP: 6/8
  2956 | D:3      | Noticed Grinder
  3000 | D:3      | Noticed Natasha
  3061 | D:2      | Killed Natasha
  3062 | D:2      | Reached skill level 1 in Armour
  3127 | D:2      | Noticed Natasha
  3136 | D:2      | Killed Natasha
  3137 | D:2      | Reached skill level 1 in Long Blades
  3137 | D:2      | Reached XP level 5. HP: 31/39 MP: 1/9
  3149 | D:2      | Noticed Natasha
  3155 | D:2      | Killed Natasha
  3234 | D:2      | Learned a level 3 spell: Stone Arrow
  3239 | D:2      | Learned a level 4 spell: Petrify
  4445 | D:3      | Paralysed by Grinder for 4 turns
  4462 | D:3      | Paralysed by Grinder for 2 turns
  4977 | D:4      | Found a white marble altar of Elyvilon.
  4981 | D:4      | Reached XP level 6. HP: 43/47 MP: 6/10
  5054 | D:4      | Found Zuloesch's Weapon Emporium.
  5190 | D:4      | Reached skill level 2 in Long Blades
  5434 | D:4      | Found Feog's Jewellery Emporium.
  5557 | D:4      | Identified the +6 leather armour of the Nexus {rF+ Int+2
                  | Dex+3}
  5689 | D:5      | Entered Level 5 of the Dungeon
  5692 | D:5      | Found a bloodstained altar of Trog.
  5696 | D:5      | Reached skill level 1 in Conjurations
  5894 | D:5      | Gained mutation: You curl defensively after being hit.
                  | [Palentonga growth]
  5894 | D:5      | Reached XP level 7. HP: 50/53 MP: 2/12
  6072 | D:5      | Reached skill level 3 in Long Blades
  6289 | D:5      | Found a staircase to the Ecumenical Temple.
  6299 | Temple   | Entered the Ecumenical Temple
  6434 | Temple   | Became a worshipper of Zin the Law-Giver
  6434 | Temple   | Reached * piety under Zin
  6684 | D:5      | Reached ** piety under Zin
  7082 | D:6      | Noticed Duvessa
  7265 | D:3      | Killed Grinder
  7266 | D:3      | Reached XP level 8. HP: 59/60 MP: 4/13
  7470 | D:6      | Found a shadowy altar of Dithmenos.
  7536 | D:6      | Noticed Dowan
  7924 | D:5      | Reached skill level 1 in Invocations
  8557 | D:6      | Found a hazy altar of Hepliaklqana.
  8755 | D:6      | Killed Duvessa
  8756 | D:6      | Reached skill level 4 in Long Blades
  9143 | D:6      | Found an opulent altar of Gozag.
  9268 | D:6      | Killed Dowan
  9527 | D:6      | Found a sparkling altar of Nemelex Xobeh.
  9856 | D:6      | Reached *** piety under Zin
  9874 | D:6      | Found a stormy altar of Qazlal.
 10001 | D:6      | Reached XP level 9. HP: 68/68 MP: 5/15
 10434 | D:7      | Noticed Menkaure
 10439 | D:7      | Killed Menkaure
 12236 | D:8      | Reached **** piety under Zin
 12512 | D:8      | Found a basalt altar of Yredelemnul.
 12512 | D:8      | Found a burning altar of Makhleb.
 12513 | D:8      | Found a shimmering blue altar of Sif Muna.
 12529 | D:8      | Reached skill level 5 in Long Blades
 12803 | D:8      | Reached skill level 5 in Earth Magic
 12882 | D:8      | Reached skill level 5 in Spellcasting
 13208 | D:8      | Found a staircase to the Lair.
 13288 | D:8      | Noticed Prince Ribbit
 13296 | D:8      | Killed Prince Ribbit
 13297 | D:8      | Reached XP level 10. HP: 78/78 MP: 3/17
 13670 | D:8      | Found an ancient bone altar of Kikubaaqudgha.
 14687 | D:9      | Found a staircase to the Orcish Mines.
 14816 | D:9      | Reached ***** piety under Zin
 15363 | D:9      | Reached skill level 6 in Long Blades
 15479 | D:9      | Reached skill level 5 in Transmutations
 15486 | D:9      | Reached skill level 5 in Invocations
 15728 | Lair:1   | Entered Level 1 of the Lair of Beasts
 15734 | Lair:1   | Reached skill level 5 in Fighting
 16020 | Lair:1   | Noticed a six-headed hydra
 16088 | Lair:1   | Killed a six-headed hydra
 16089 | Lair:1   | Reached skill level 7 in Long Blades
 16110 | Lair:1   | Noticed a cane toad
 16130 | Lair:1   | Killed a cane toad
 16131 | Lair:1   | Reached skill level 5 in Dodging
 16250 | D:4      | Identified a scroll of acquirement
 16250 | D:4      | Acquired the ring "Zolotzikk" {rElec rPois rN+ rCorr Dex-5}
 16258 | D:4      | Bought the amulet of Ruoqiw {Reflect Rampage Regen+ Dex+4
                  | SH+5} for 454 gold pieces
 16551 | Lair:1   | Reached XP level 11. HP: 81/85 MP: 2/19
 16858 | Lair:1   | Noticed a four-headed hydra
 16867 | Lair:1   | Killed a four-headed hydra
 17431 | Lair:1   | Identified the +4 rapier of Shrieking Terror {vorpal,
                  | Str+8}
 17521 | Lair:1   | You fall into a shaft and drop 1 floor!
 17839 | Lair:2   | Noticed a six-headed hydra
 17848 | Lair:2   | Killed a six-headed hydra
 17849 | Lair:2   | Reached skill level 1 in Evocations
 17922 | Lair:2   | Noticed a six-headed hydra
 18077 | Lair:2   | Found a hole to the Spider Nest.
 18088 | Lair:2   | Noticed a catoblepas
 18090 | Lair:2   | Killed a six-headed hydra
 18161 | Lair:2   | Killed a catoblepas
 18162 | Lair:2   | Reached skill level 5 in Armour
 18496 | Lair:2   | Noticed a death yak
 18497 | Lair:2   | Reached skill level 8 in Long Blades
 18546 | Lair:2   | Killed a death yak
 19486 | Lair:2   | Reached XP level 12. HP: 91/95 MP: 22/22
 20402 | Lair:3   | Noticed a five-headed hydra
 20406 | Lair:3   | Killed a five-headed hydra
 20539 | Lair:3   | Found a staircase to the Swamp.
 20692 | Lair:3   | Noticed a seven-headed hydra
 20700 | Lair:3   | Killed a seven-headed hydra
 20701 | Lair:3   | Reached skill level 1 in Shields
 20861 | Lair:3   | Reached skill level 9 in Long Blades
 21347 | Lair:4   | Noticed a death yak
 21349 | Lair:4   | Noticed a death yak
 21375 | Lair:4   | Killed a death yak
 21603 | Lair:4   | Noticed a four-headed hydra
 21610 | Lair:4   | Killed a four-headed hydra
 21956 | Lair:4   | Reached ****** piety under Zin
 22106 | Lair:4   | Noticed a death yak
 22106 | Lair:4   | Noticed a death yak
 22125 | Lair:4   | Noticed a death yak
 22127 | Lair:4   | Killed a death yak
 22375 | Lair:3   | Killed a death yak
 22376 | Lair:3   | Reached skill level 5 in Conjurations
 22981 | Lair:5   | Noticed a death yak
 22997 | Lair:5   | Killed a death yak
 23099 | Lair:5   | Noticed a death yak
 23099 | Lair:5   | Noticed a death yak
 23099 | Lair:5   | Noticed a death yak
 23099 | Lair:5   | Noticed a death yak
 23120 | Lair:5   | Killed a death yak
 23199 | Lair:4   | Killed a death yak
 23200 | Lair:4   | Reached XP level 13. HP: 68/102 MP: 2/24
 24535 | Lair:5   | Identified the +2 robe of the Baker {MP+9 Str-3 Dex+6
                  | Slay+3}
 24571 | Lair:6   | Entered Level 6 of the Lair of Beasts
 24622 | Lair:6   | Noticed an acid blob
 24650 | Lair:6   | Killed an acid blob
 24711 | Lair:6   | Noticed a rockslime
 24722 | Lair:6   | Noticed an azure jelly
 24843 | Lair:5   | Mangled by a rockslime

Illustrated notes

Levels and vault maps discovered:
D:1:      dpeg_arrival_short_road, layout_loops_corners,
          hellmonk_ecumenical_altar_slurped_away
D:2:      layout_loops_ring
D:3:      layout_loops_cross, uniq_grinder, uniq_natasha
D:4:      layout_rooms, nicolae_elyvilon_peaceful_grove, serial_glass,
          glass_columns_a, glass_columns_a, serial_shops, nicolae_diamond_shop,
          shop
D:5:      layout_rooms, mainiacjoe_overflow_tiny_flanked,
          minmay_temple_entry_hall
D:6:      layout_loops_ring, mainiacjoe_overflow_cross_hatched,
          mainiacjoe_overflow_24_doors, grunt_qazlal_clouds,
          mainiacjoe_overflow_concentric_impassable, nicolae_gozag_seed_capital,
          kennysheep_opposing_triangles, uniq_duvessa
D:7:      layout_basic, uniq_menkaure
D:8:      layout_basic, lemuel_zombie_altar_kikubaaqudgha,
          gammafunk_temple_overflow_claw, erik_lair_orcish_takeover,
          uniq_prince_ribbit1
D:9:      kennysheep_blocky_hall, layout_basic, zombieorc2_lemuel
Temple:   cyrus_temple_forest
Lair:1:   layout_gridlike, grunt_megastairs_4, infiniplex_staircase_pool_2
Lair:2:   layout_roguey, nicolae_spider_entry_non_spiders
Lair:3:   layout_regular_city, minmay_swamp_entry_swarm, lemuel_fruit_fields
Lair:4:   layout_roguey, st_stairs_10, kennysheep_basilisk_garden
Lair:5:   layout_cave_pods
Lair:6:   hellmonk_lair_end_abyssal_woods, layout_hall_layers,
          minmay_slime_entry_eyes, special_room [special_room_jelly],
          hellmonk_guarded_unrand_seven_league_boots, infiniplex_staircase_pool,
          uniq_kirke

Skill      XL: |  1  2  3  4  5  6  7  8  9 10 11 12 |
---------------+-------------------------------------+-----
Earth Magic    | 3 4 5 6 7 |  7.3
Fighting       | 1 2 3 4 5 6 7 |  7.6
Dodging        | 2 3 4 5 6 |  6.2
Armour         | 1 2 3 4 5 6 |  6.2
Long Blades    | 1 2 3 4 5 7 8 9 |  9.8
Spellcasting   | 3 4 5 6 7 |  7.7
Conjurations   | 1 2 3 4 5 |  5.6
Transmutations | 2 3 4 5 6 7 |  7.2
Invocations    | 2 4 5 6 7 |  7.6
Evocations     | 1 |  1.0
Shields        | 1 |  1.1
Stealth        | |  1.3

Action                   |  1- 3 |  4- 6 |  7- 9 | 10-12 | 13-15 || total
-------------------------+-------+-------+-------+-------+-------++-------
Melee: Unarmed           |    17 |       |       |       |       ||    17
       Tailslap          |     2 |    14 |    13 |    91 |    15 ||   135
       Falchion          |    33 |   108 |   106 |       |       ||   247
       Long sword        |       |       |     7 |   505 |    58 ||   570
 Cast: Sandblast         |    49 |    50 |    54 |   125 |    10 ||   288
       Stone Arrow       |       |     9 |    96 |   172 |    22 ||   299
       Petrify           |       |       |       |    22 |       ||    22
       Passwall          |       |       |       |     1 |       ||     1
Invok: Recite            |       |       |    20 |    10 |       ||    30
       Vitalisation      |       |       |     2 |     4 |       ||     6
 Abil: Rolling Charge    |       |       |     2 |     1 |       ||     3
Evoke: Wand              |       |       |     9 |    11 |     5 ||    25
       Phial of floods   |       |       |       |       |     1 ||     1
  Use: Scroll            |     2 |     3 |     2 |    21 |     2 ||    30
       Potion            |       |       |     2 |     2 |     1 ||     5
 Stab: Sleeping          |     1 |     1 |       |     1 |       ||     3
       Confused          |       |       |     2 |     1 |       ||     3
       Invisible         |       |       |     1 |     2 |       ||     3
       Petrified         |       |       |       |    65 |       ||    65
       Petrifying        |       |       |       |     4 |       ||     4
       Paralysed         |       |       |       |     1 |       ||     1
Armor: Robe              |    34 |    36 |       |       |       ||    70
       Leather armour    |       |    13 |   111 |   287 |    27 ||   438
Dodge: Dodged            |    26 |    91 |    92 |   289 |    33 ||   531
Block: Other             |       |       |       |    93 |    13 ||   106

Table legend: (Time is in decaauts)
 A = Elapsed time spent in this place.
 B = Non-inter-level travel time spent in this place.
 C = Inter-level travel time spent in this place.
 D = Time resting spent in this place.
 E = Time spent auto-exploring this place.
 F = Levels seen in this place.
 G = Mean time per level.
                   A        B        C        D        E       F      G
               +--------+--------+--------+--------+--------+-----+--------+
         Total |  24945 |  23236 |   1709 |   5985 |  13405 |  16 | 1559.1 |
       Dungeon |  15864 |  14738 |   1126 |   4226 |   8255 |   9 | 1762.7 |
        Temple |    157 |    122 |     35 |      0 |    114 |   1 |  157.0 |
          Lair |   8923 |   8375 |    548 |   1759 |   5036 |   6 | 1487.2 |
               +--------+--------+--------+--------+--------+-----+--------+

Top non-repeatable levels by time:
     D:5: 2282 daAuts
     D:8: 2026 daAuts
  Lair:3: 1998 daAuts
  Lair:1: 1997 daAuts
     D:2: 1966 daAuts
     D:7: 1869 daAuts
     D:6: 1857 daAuts
     D:3: 1724 daAuts
  Lair:5: 1708 daAuts
  Lair:2: 1655 daAuts
     D:9: 1624 daAuts
  Lair:4: 1501 daAuts
     D:1: 1453 daAuts
     D:4: 1059 daAuts
  Temple: 157 daAuts
